 Dungeon Crawl Stone Soup version 0.17.0-28-g6e173f8 (webtiles) character file.

516 Shizoidos the Covered (level 7, -6/61 HPs)
             Began as a Minotaur Fighter on Nov 24, 2015.
             Mangled by a gnoll
             ... wielding a +0 halberd
              (14 damage)
             ... on level 5 of the Dungeon.
             The game lasted 00:08:46 (3084 turns).

Shizoidos the Covered (Minotaur Fighter)            Turns: 3084, Time: 00:08:46

Health: -6/61      AC:  7    Str: 21 (22) XL:     7   Next: 0%
Magic:  6/6        EV:  8    Int:  5      God:
Gold:   205        SH: 10    Dex: 10      Spells: 0 memorised, 6 levels left

rFire  . . .     SeeInvis .     a - +0 trident
rCold  + . .     Clarity  .     b - +0 scale mail
rNeg   . . .     SustAt   .     c - +0 shield
rPois  .         Gourm    .     (helmet restricted)
rElec  .         Spirit   .     (no cloak)
rCorr  .         Warding  .     (no gloves)
rMut   .         Stasis   .     (no boots)
MR     .....                    (no amulet)
Stlth  ..........               m - ring of protection from cold
                                j - ring of flight

@: not resistant to hostile enchantments, extremely unstealthy
A: retaliatory headbutt, horns 2
a: Evoke Flight


You were on level 5 of the Dungeon.
You were not hungry.

You visited 1 branch of the dungeon, and saw 5 of its levels.

You collected 205 gold pieces.

Inventory:

Hand Weapons
 a - a +0 trident (weapon)
Armour
 b - a +0 scale mail (worn)
 c - a +0 shield (worn)
Jewellery
 j - a ring of flight (left hand)
 m - a ring of protection from cold (right hand)
Wands
 s - a wand of random effects (29)
Scrolls
 f - 3 scrolls of identify
 k - 2 scrolls of teleportation
 o - a scroll of random uselessness {unknown}
 p - a scroll of recharging {unknown}
 q - a scroll of fog {unknown}
 r - a scroll of remove curse {unknown}
 t - a scroll of immolation {unknown}
Potions
 d - a potion of might
 h - a potion of curing
 i - a potion of cancellation
Comestibles
 e - 3 bread rations
 g - 2 meat rations
 l - 2 beef jerkies
 u - 3 fruits


   Skills:
 + Level 5.1 Fighting
 + Level 4.5 Polearms
 + Level 5.9 Armour
 + Level 2.2 Dodging
 + Level 0.5 Stealth
 + Level 5.5 Shields


You had 6 spell levels left.
You didn't know any spells.

Dungeon Overview and Level Annotations

Branches:
Dungeon (5/15)
 Temple: D:4-7

Altars:
Nemelex Xobeh


Innate Abilities, Weirdness & Mutations

You reflexively headbutt those who attack you in melee.
You have a pair of horns on your head.


Message History

The gnoll hits you from afar with a halberd.
You block the gnoll's attack.
You hit the gnoll but do no damage. You headbutt the gnoll!
You kill the gnoll!
You block the gnoll's attack. You block the gnoll's attack.
The gnoll closely misses you.
You see here a gnoll corpse.
You puncture the gnoll!
You kill the gnoll!
You have reached level 7!
The gnoll hits you from afar with a halberd.
* * * LOW HITPOINT WARNING * * *
The gnoll hits you with a halberd!
* * * LOW HITPOINT WARNING * * *
Items here: ( )))) [ †††† You are too injured to fight recklessly!
You hit the gnoll. You headbutt the gnoll.
The gnoll is moderately wounded.
The gnoll hits you with a halberd!
You die...

#..........#
#..........#
#..........#
#.........(#
#.........)##
###........>(.#
#...........(.#
#............g#
#...###'#####@#
#...# #.# #†#
#...# #.# #.#
####...###.#
#.#
.........#.#
#.#
.........#.#
#.#
.........#.#
#.#
.........#.#
#.#
.........#.#
#.#


You could see a gnoll.

Vanquished Creatures
  A centaur (D:5)
  2 ogres
  A giant frog skeleton (D:4)
  An orc wizard (D:5)
  Jessica (D:2)
  A hound (D:5)
  An orc priest (D:3)
  A hound skeleton (D:5)
  2 gnolls (D:5)
  7 adders
  A worm (D:2)
  An adder skeleton (D:4)
  2 giant geckos
  6 orcs
  A ball python (D:1)
  9 bats
  2 giant cockroaches (D:2)
  4 hobgoblins
  3 jackals (D:3)
  10 kobolds
  7 giant newts
  7 goblins
  A quokka (D:2)
  7 rats
79 creatures vanquished.

Vanquished Creatures (others)
  An orc wizard (D:5)
1 creature vanquished.

Grand Total: 80 creatures vanquished

Notes
Turn   | Place    | Note
--------------------------------------------------------------
     0 | D:1      | Shizoidos the Minotaur Fighter began the quest for the Orb.
     0 | D:1      | Reached XP level 1. HP: 19/19 MP: 0/0
   262 | D:1      | Reached XP level 2. HP: 27/27 MP: 1/1
   431 | D:1      | Reached skill level 4 in Armour
   681 | D:2      | Noticed Jessica
   688 | D:2      | Killed Jessica
   688 | D:2      | Reached XP level 3. HP: 11/33 MP: 2/2
  1069 | D:2      | Reached XP level 4. HP: 27/40 MP: 3/3
  1292 | D:2      | Found a sparkling altar of Nemelex Xobeh.
  1475 | D:2      | Reached skill level 1 in Dodging
  1857 | D:3      | Reached skill level 5 in Armour
  1891 | D:3      | Reached XP level 5. HP: 28/46 MP: 4/4
  2530 | D:4      | Noticed an ogre
  2539 | D:4      | Killed an ogre
  2539 | D:4      | Reached skill level 5 in Shields
  2539 | D:4      | Reached XP level 6. HP: 50/53 MP: 5/5
  2792 | D:5      | Entered Level 5 of the Dungeon
  3009 | D:5      | Reached skill level 5 in Fighting
  3082 | D:5      | Reached XP level 7. HP: 21/61 MP: 6/6
  3084 | D:5      | Mangled by a gnoll

Action                   |  1- 3 |  4- 6 |  7- 9 || total
-------------------------+-------+-------+-------++-------
Melee: Trident           |    88 |   166 |     1 ||   255
  Use: Potion            |       |     5 |       ||     5
       Scroll            |       |     5 |       ||     5
  Eat: Bread ration      |       |     2 |       ||     2
